 Dungeon Crawl Stone Soup version 0.28.0 (webtiles) character file.

Game seed: 5619834876908712304

226 multipassport the Ducker (level 6, -2/48 HPs)
             Began as a Human Monk on Feb 9, 2022.
             Was a Believer of Zin.
             Slain by an ogre (19 damage)
             ... on level 4 of the Dungeon.
             The game lasted 00:08:37 (3228 turns).

multipassport the Ducker (Human Monk)               Turns: 3228, Time: 00:08:37

Health: -2/48      AC: 11    Str: 19    XL:     6   Next: 21%
Magic:  6/6        EV:  7    Int: 10    God:    Zin [**....]
Gold:   107        SH:  0    Dex: 16    Spells: 5/5 levels left

rFire   . . .      SeeInvis +   a - +0 falchion (freeze)
rCold   . . .      Faith    .   (no shield)
rNeg    . . .      Spirit   .   h - +0 plate armour
rPois   +          Reflect  .   (no helmet)
rElec   .          Harm     .   (no cloak)
rCorr   .          Rampage  .   (no gloves)
Will    .....                   (no boots)
Stlth   ..........              g - amulet of the acrobat
HPRegen 0.16/turn               b - ring of see invisible
MPRegen 0.10/turn               e - +6 ring of strength

@: no status effects
A: poison resistance, subdued magic 1, noise suppression
a: Renounce Religion, Recite, Vitalisation, Donate Gold


You were on level 4 of the Dungeon.
You worshipped Zin.
Zin was pleased with you.
You visited 1 branch of the dungeon, and saw 4 of its levels.

You collected 118 gold pieces.
You donated 11 gold pieces to Zin.

Inventory:

Hand Weapons
 a - a +0 falchion of freezing (weapon)
Armour
 h - a +0 plate armour (worn)
Magical Staves
 d - a staff of poison
Jewellery
 b - a ring of see invisible (left hand)
 c - a ring of positive energy
 e - a +6 ring of strength (right hand)
 g - an amulet of the acrobat (around neck)
Potions
 f - 3 potions of heal wounds
 m - a potion of flight {unknown}
 n - 2 potions of attraction {unknown}
 o - a potion of curing {unknown}


   Skills:
 + Level 4.1 Fighting
 + Level 4.1 Long Blades
 + Level 2.5 Armour
 + Level 4.1 Dodging
 - Level 2.0 Stealth
 + Level 0.3 Invocations


You had 5 spell levels left.
You didn't know any spells.
Your spell library contained the following spells:

 Spells                   Type           Power      Damage    Failure   Level
 Magic Dart               Conj           0%         1d3       100%        1
 Call Imp                 Summ           0%         N/A       100%        2
 Ensorcelled Hibernation  Hex/Ice        0%         N/A       100%        2
 Static Discharge         Conj/Air       0%         N/A       100%        2
 Mephitic Cloud           Conj/Pois/Air  0%         N/A       100%        3
 Spider Form              Tmut/Pois      0%         N/A       100%        3
 Anguish                  Hex/Necr       0%         N/A       100%        4
 Dispel Undead            Necr           0%         3d6       100%        4
 Sticky Flame             Conj/Fire      0%         2d3       100%        4


Dungeon Overview and Level Annotations

Branches:
Dungeon (4/15)
 Temple: D:4-7

Altars:
Elyvilon
Zin


Innate Abilities, Weirdness & Mutations

Your system is resistant to poisons. (rPois)
Your spells are a little easier to cast, but a little less powerful.
You passively dampen the noise of your surroundings.


Message History

You continue putting on your amulet of the acrobat. x5
You finish putting on your amulet of the acrobat.
You feel ready to tumble and roll out of harm's way.
g - an amulet of the acrobat (around neck)
Found a stone staircase leading down.
There is a stone staircase leading down here.
Found a plate armour.
You see here a +0 plate armour.
h - a +0 plate armour You start removing your armour.
You continue taking off your +0 chain mail. x4
You finish taking off your +0 chain mail.
You start putting on your armour.
You continue putting on your +0 plate armour. x5
You finish putting on your +0 plate armour.
You drop a +0 chain mail.
There is a stone staircase leading down here.
There is a stone staircase leading up here.
You see here a +0 hand axe.
Done exploring.
Done exploring.
There is a stone staircase leading up here.
There is a stone staircase leading down here.
You climb downwards.
The ogre shouts!
Found a stone staircase leading down.
There is a stone staircase leading up here.
An ogre is nearby!
You barely miss the ogre.
The ogre hits you with a +0 giant spiked club!!
Ouch! That really hurt!
You are too injured to fight recklessly!
You are too injured to fight recklessly!
You hit the ogre. You freeze the ogre.
The ogre is lightly wounded.
A quokka comes into view.
You barely miss the ogre.
The ogre is lightly wounded.
The ogre hits you with a +0 giant spiked club!!
You die...

#....#
#....#
#....#
#....#
#....#+#####
#...........
#<..........
#..........r
#...@O......
#...........
#...........
#...>.....##
#.........#
#....######
#....+
#....#


You could see an ogre and a quokka.

Vanquished Creatures
  An orc wizard (D:3)
  4 gnolls
  9 adders
  A worm (D:3)
  A dart slug (D:3)
  5 orcs (D:3)
  11 ball pythons
  An endoplasm (D:2)
  3 giant cockroaches
  7 goblins
  4 hobgoblins
  8 jackals
  3 kobolds
  3 quokkas
  7 bats
  5 frilled lizards
73 creatures vanquished.

Notes
Turn   | Place    | Note
-------+----------+-------------------------------------------
     0 | D:1      | multipassport the Human Monk began the quest for the Orb.
     0 | D:1      | Reached XP level 1. HP: 18/18 MP: 1/1
   296 | D:1      | Reached XP level 2. HP: 24/24 MP: 2/2
   423 | D:1      | Reached skill level 1 in Armour
   423 | D:1      | Reached XP level 3. HP: 28/29 MP: 3/3
  1164 | D:2      | Reached XP level 4. HP: 35/35 MP: 4/4
  1969 | D:2      | Reached XP level 5. HP: 40/42 MP: 5/5
  2533 | D:3      | Found a glowing silver altar of Zin.
  2546 | D:3      | Gained mutation: You passively dampen the noise of your
                  | surroundings. [potion of mutation]
  2546 | D:3      | Gained mutation: Your system is resistant to poisons.
                  | (rPois) [potion of mutation]
  2546 | D:3      | Gained mutation: Your spells are a little easier to cast,
                  | but a little less powerful. [potion of mutation]
  2550 | D:3      | Became a worshipper of Zin the Law-Giver
  2550 | D:3      | Reached * piety under Zin
  2550 | D:3      | Reached ** piety under Zin
  2645 | D:3      | Found a faded altar of an unknown god.
  2655 | D:3      | Reached XP level 6. HP: 45/48 MP: 6/6
  2901 | D:3      | Found a white marble altar of Elyvilon.
  3222 | D:4      | Noticed an ogre
  3228 | D:4      | Slain by an ogre

Illustrated notes

Levels and vault maps discovered:
D:1:      lemuel_arrival_lava_pool, layout_loops_ring, minmay_tripent
D:2:      layout_rooms
D:3:      layout_loops_ring, overflow_temple_1_default, lemuel_crystal_altar,
          nicolae_ecumenical_snake_handling, small_statue_intersection,
          grunt_ministairs_8, chequers_jeans
D:4:      layout_gridville, uniq_menkaure, uniq_grinder

Skill      XL: |  1  2  3  4  5 |
---------------+----------------+-----
Armour         | 1 2 |  2.5
Fighting       | 4 |  4.1
Dodging        | 4 |  4.1
Long Blades    | 4 |  4.1
Stealth        | |  2.0
Invocations    | |  0.3

Action                   |  1- 3 |  4- 6 || total
-------------------------+-------+-------++-------
Melee: Falchion          |    84 |   185 ||   269
       Punch             |       |     2 ||     2
  Use: Scroll            |       |     3 ||     3
       Potion            |       |     3 ||     3
 Stab: Sleeping          |     2 |       ||     2
Armor: Robe              |    17 |       ||    17
       Chain mail        |    20 |    84 ||   104
Dodge: Dodged            |    63 |    81 ||   144
